 Dungeon Crawl Stone Soup version 0.30-a0-596-g0af90f9a20 (webtiles) character file.

Game seed: 2848934509492006713

3850 OTABOTABOTAB the Destroyer (level 9, -10/45 HPs)
             Began as a Deep Elf Conjurer on Jan 6, 2023.
             Was a Follower of Vehumet.
             Mangled by a boulder beetle (22 damage)
             ... on level 9 of the Dungeon on Jan 7, 2023.
             The game lasted 00:18:17 (10158 turns).

OTABOTABOTAB the Destroyer (Deep Elf Conjurer)     Turns: 10158, Time: 00:18:17

Health: -10/45     AC:  5    Str:  3    XL:     9   Next: 99%
Magic:  21/25      EV: 12    Int: 26    God:    Vehumet [*.....]
Gold:   290        SH:  0    Dex: 15    Spells: 18/29 levels left

rFire   . . .      SeeInvis .    v - +5 spear
rCold   + . .      Faith    .    (no shield)
rNeg    . . .      Spirit   .    f - +0 robe {rC+}
rPois   .          Reflect  .    (no helmet)
rElec   .          Harm     .    p - +0 cloak
rCorr   +          Rampage  .    G - +0 pair of gloves
Will    +++..                    e - +0 pair of boots
Stlth   ++                       c - amulet of Efuoggih {Acrobat +Inv Will+++ Str-3 Dex+2}
HPRegen 0.27/turn                g - ring of resist corrosion
MPRegen 0.19/turn                Z - ring of wizardry {Wiz+, !d}

@: no status effects
A: no striking features
a: Renounce Religion, Evoke Invisibility


You were on level 9 of the Dungeon.
You worshipped Vehumet.
Vehumet was aware of your devotion.
You visited 2 branches of the dungeon, and saw 10 of its levels.

You collected 380 gold pieces.
You spent 90 gold pieces at shops.

Inventory:

Hand Weapons
 v - a +5 spear (weapon)
   (You took it off a wight on level 7 of the Dungeon)
Missiles
 s - 102 stones
 E - a curare-tipped dart
 F - 6 poisoned darts
Armour
 e - a +0 pair of boots (worn)
   (You found it on level 1 of the Dungeon)
 f - a +0 robe of cold resistance (worn)
   (You found it on level 8 of the Dungeon)
 p - a +0 cloak (worn)
   (You found it on level 3 of the Dungeon)
 G - a +0 pair of gloves (worn)
   (You found it on level 8 of the Dungeon)
Magical Staves
 A - a staff of earth
   (You found it on level 6 of the Dungeon)
Jewellery
 c - the amulet of Efuoggih (around neck) {Acrobat +Inv Will+++ Str-3 Dex+2}
   (You found it on level 6 of the Dungeon)

   [amulet of the acrobat]

   It increases your evasion while moving and waiting.
   Str:       It affects your strength (-3).
   Dex:       It affects your dexterity (+2).
   +Inv:      It lets you turn invisible.
   Will:      It greatly increases your willpower.
 g - a ring of resist corrosion (left hand)
   (You took it off a kobold on level 2 of the Dungeon)
 n - a ring of positive energy {rN+}
   (You found it on level 6 of the Dungeon)
 t - an amulet of regeneration
   (You found it on level 4 of the Dungeon)
 x - an amulet of the acrobat
   (You found it on level 5 of the Dungeon)
 Z - a ring of wizardry (right hand) {Wiz+, !d}
   (You found it on level 4 of the Dungeon)
Wands
 d - a wand of digging (2)
   (You found it on level 8 of the Dungeon)
 I - a wand of roots (7)
   (You found it on level 8 of the Dungeon)
Scrolls
 j - 2 scrolls of amnesia
 V - a scroll of vulnerability {!r!r}
 X - a scroll of magic mapping {@r4!r}
 Y - 3 scrolls of teleportation {@r3}
Potions
 i - 2 potions of mutation {unknown}
 k - 4 potions of berserk rage {unknown}
 m - 3 potions of might {unknown}
 w - a potion of flight {unknown}
 z - a potion of haste {unknown}
 B - 4 potions of brilliance
 D - 3 potions of degeneration {unknown}
 J - a potion of curing {@q1}
 N - a potion of heal wounds {@q2}


   Skills:
 - Level 2.4 Dodging
 - Level 2.4 Stealth
 + Level 10.7 Spellcasting
 * Level 13.0 Conjurations
 - Level 3.0 Hexes
 - Level 3.0 Translocations


You had 18 spell levels left.
You knew the following spells:

 Your Spells              Type           Power      Damage    Failure   Level
a - Magic Dart            Conj           100%       1d8       0%          1
b - Searing Ray           Conj           100%       2d8       1%          2
c - Fulminant Prism       Conj/Hex       27%        3d13      1%          4
x - Iskenderun's Mystic   Conj/Tloc      54%        2d12      1%          4

Your spell library contained the following spells:

 Spells                   Type           Power      Damage    Failure   Level
 Freeze                   Ice            52%        1d6       1%          1
 Dazzling Flash           Conj/Hex       100%       N/A       1%          3


Dungeon Overview and Level Annotations

Branches:
Dungeon (9/15)             Temple (1/1) D:7
   Lair: D:8-11         Orc: D:9-12

Altars:
Ashenzari
Cheibriados
Dithmenos
Elyvilon
Fedhas
Gozag
Hepliaklqana
Kikubaaqudgha
Makhleb
Nemelex Xobeh
Qazlal
Ru
Sif Muna
Uskayaw
Vehumet
Wu Jian
Xom
Yredelemnul
Zin
The Shining One


Message History

The magic dart hits the orc warrior but does no damage.
The orc warrior shouts!
You now have 19/25 mp.
You conjure a prism of explosive energy!
A fulminant prism comes into view.
You now have 15/25 mp.
The orc warrior hits your fulminant prism with a +0 battleaxe!
A boulder beetle comes into view.
Your fulminant prism crackles loudly.
The orc warrior hits your fulminant prism with a +0 battleaxe!
The blast of energy engulfs the orc warrior!
Items here: ))))) [[ ÷ †.
The boulder beetle curls into a ball and begins rolling!
There is a stone staircase leading up, spattered with blood here.
You erupt in a blast of force!
The mystic blast hits the boulder beetle but does no damage.
You now have 12/25 mp.
You erupt in a blast of force!
The mystic blast hits the boulder beetle!
The boulder beetle is knocked back by the mystic blast.
You now have 8/25 mp.
The boulder beetle hits you but does no damage.
The boulder beetle stops rolling and uncurls.
You climb upwards.
There is a stone staircase leading down here.
You start resting.
MP restored: 25 You see here a +0 club.
Items here: " ))) [.
Things that are here:
a +0 plate armour; a +0 war axe You see here a +0 hand axe.
There is a stone staircase leading down here.
You climb downwards.
Found a stone staircase leading down.
There is a stone staircase leading up here.
There is a stone staircase leading down here.
A boulder beetle is nearby!
You conjure a prism of explosive energy!
A fulminant prism comes into view.
You now have 21/25 mp.
You conjure a prism of explosive energy!
A fulminant prism comes into view.
The boulder beetle curls into a ball and begins rolling!
Your fulminant prism crackles loudly.
You now have 17/25 mp.
Your fulminant prism crackles loudly.
The blast of energy engulfs the boulder beetle!
The blast of energy engulfs your fulminant prism!!
You hear a shout!
You erupt in a blast of force!
The mystic blast hits the boulder beetle but does no damage.
The boulder beetle hits you!
The boulder beetle stops rolling and uncurls.
You take 9 damage, and have 36/45 hp.
You now have 14/25 mp.
You erupt in a blast of force!
The mystic blast hits the boulder beetle but does no damage.
The boulder beetle bites you!
You take 10 damage, and have 26/45 hp.
MASSIVE DAMAGE!!
You now have 10/25 mp.
You erupt in a blast of force!
The mystic blast hits the boulder beetle but does no damage.
The boulder beetle bites you!!
* * * LOW HITPOINT WARNING * * *
You take 19 damage, and have 7/45 hp.
MASSIVE DAMAGE!!
You now have 6/25 mp.
You erupt in a blast of force!
The mystic blast hits the boulder beetle.
The boulder beetle barely misses you.
You now have 2/25 mp.
Okay, then.
Okay, then.
Okay, then.
Unknown command.
Really read
b - a scroll of poison {!r}?
Really read the scroll of poison?
The air fills with toxic fumes!
As you read the scroll of poison {!r}, it crumbles to dust.
The boulder beetle bites you but does no damage.
You feel much better. The boulder beetle bites you.
You regained 20 hp, and now have 28/45 hp.
You feel much better. The boulder beetle bites you!!
You take 2 damage, and have 26/45 hp.
Magic courses through your body. The boulder beetle bites you!!
Ouch! That really hurt!
* * * LOW HITPOINT WARNING * * *
You take 24 damage, and have 2/45 hp.
MASSIVE DAMAGE!!
You regained 21 mp, and now have 24/25 mp.
You feel much better. The boulder beetle bites you!!
* * * LOW HITPOINT WARNING * * *
You feel much better. The boulder beetle bites you!
* * * LOW HITPOINT WARNING * * *
You regained 9 hp, and now have 12/45 hp.
You erupt in a blast of force!
The mystic blast hits the boulder beetle!
The boulder beetle bites you!!
You die...

#☼§§§§# # #☼§§§§# #.
#§§§§§# #...# #§##☼§§§§##
#.>.# #§§§☼§§§§§# #...#
#☼§§§§§§§§####§§.#####
#.#§§§§§§§§§☼§§§.....#
.###.#..#☼§@B§§§☼§§......
....§§☼§§§§§§☼§§§§§.....#
###☼#§§§§§§§####§§.#
#.#§§##§§§# #))[#
########§§§..§☼☼§# #.<)#
#.......###.###### #)B.#
#.#####.# #.# ##°##
#.#####.###.# #.#
............###### #..


You could see a boulder beetle.

Vanquished Creatures
  A two-headed ogre (D:9)
  A steam dragon (D:8)
  A water moccasin (D:5)
  3 sky beasts
  2 orc warriors
  An ice beast (D:7)
  5 centaurs
  An ogre (D:5)
  A phantom (D:6)
  A kobold brigand (D:8)
  4 bullfrogs
  2 scorpions (D:6)
  2 necrophages
  4 wights (D:7)
  6 killer bees (D:9)
  2 howler monkeys
  2 hounds
  4 orc priests
  3 jellies
  3 iron imps (D:8)
  2 iguanas
  7 orc wizards
  4 gnolls (D:4)
  9 adders
  2 shadow imps
  2 white imps
  29 orcs
  7 ball pythons
  4 endoplasms
  3 giant cockroaches
  8 hobgoblins
  6 jackals
  7 quokkas
  3 bats
  2 frilled lizards
  8 goblins
  8 kobolds
  5 rats
  A fulminant prism (D:9)
166 creatures vanquished.

Vanquished Creatures (others)
  A butterfly (D:8)
  26 fulminant prisms
27 creatures vanquished.

Grand Total: 193 creatures vanquished

Notes
Turn   | Place    | Note
-------+----------+-------------------------------------------
     0 | D:1      | OTABOTABOTAB the Deep Elf Conjurer began the quest for the
                  | Orb.
     0 | D:1      | Reached XP level 1. HP: 10/10 MP: 6/6
   277 | D:1      | Reached XP level 2. HP: 15/15 MP: 4/8
   280 | D:1      | Learned a level 2 spell: Searing Ray
   393 | D:1      | Found a faded altar of an unknown god.
   828 | D:1      | Reached skill level 5 in Conjurations
  1311 | D:2      | Reached XP level 3. HP: 19/19 MP: 8/10
  1805 | D:2      | Reached skill level 4 in Spellcasting
  2203 | D:3      | Reached XP level 4. HP: 24/24 MP: 8/12
  2208 | D:3      | Learned a level 4 spell: Fulminant Prism
  2213 | D:3      | Learned a level 4 spell: Iskenderun's Mystic Blast
  2997 | D:4      | Reached skill level 1 in Hexes
  3041 | D:4      | Reached skill level 6 in Conjurations
  3041 | D:4      | Reached skill level 1 in Translocations
  3050 | D:4      | Reached XP level 5. HP: 28/28 MP: 2/13
  3437 | D:4      | Reached skill level 2 in Hexes
  3870 | D:4      | Found a hazy altar of Hepliaklqana.
  3999 | D:5      | Entered Level 5 of the Dungeon
  4005 | D:5      | Reached skill level 5 in Spellcasting
  4005 | D:5      | Reached skill level 2 in Translocations
  4005 | D:5      | Reached XP level 6. HP: 27/32 MP: 7/15
  4005 | D:5      | Noticed a water moccasin
  4008 | D:5      | Killed a water moccasin
  4009 | D:5      | Reached skill level 3 in Hexes
  4291 | D:5      | Reached skill level 7 in Conjurations
  4292 | D:5      | Reached XP level 7. HP: 36/36 MP: 2/17
  4304 | D:5      | Reached skill level 3 in Translocations
  4497 | D:5      | Reached skill level 6 in Spellcasting
  4625 | D:5      | Reached skill level 8 in Conjurations
  5191 | D:6      | Reached XP level 8. HP: 23/41 MP: 0/20
  5332 | D:6      | Reached skill level 7 in Spellcasting
  5420 | D:6      | Reached skill level 9 in Conjurations
  5749 | D:6      | Identified the amulet of Efuoggih {Acrobat +Inv Will+++
                  | Str-3 Dex+2}
  5861 | D:6      | Reached skill level 8 in Spellcasting
  5861 | D:6      | Reached skill level 10 in Conjurations
  6076 | D:6      | Found Zin's Purification Station.
  6079 | D:6      | Found a glowing silver altar of Zin.
  6082 | D:6      | Bought a potion of curing for 90 gold pieces
  6681 | D:7      | Trevise: I see you
  6681 | D:7      | Trevise: Uh 1 str lolol
  6802 | D:7      | Found an opulent altar of Gozag.
  6802 | D:7      | Found a snail-covered altar of Cheibriados.
  6846 | D:7      | Found a staircase to the Ecumenical Temple.
  6855 | Temple   | Entered the Ecumenical Temple
  7005 | Temple   | Became a worshipper of Vehumet
  7046 | D:7      | Found a shimmering blue altar of Sif Muna.
  7058 | D:7      | Reached XP level 9. HP: 38/45 MP: 14/23
  7190 | D:7      | Found an ancient bone altar of Kikubaaqudgha.
  7228 | D:7      | HP: 9/45 [centaur/arrow (9)]
  7230 | D:7      | HP: 2/45 [centaur/arrow (8)]
  7237 | D:7      | Reached skill level 11 in Conjurations
  7423 | D:7      | Found a hide-covered altar of Uskayaw.
  8070 | D:8      | Reached skill level 9 in Spellcasting
  8276 | D:8      | Found a white marble altar of Elyvilon.
  8992 | D:8      | Found a burning altar of Makhleb.
  9471 | D:9      | Reached skill level 12 in Conjurations
  9471 | D:9      | Reached * piety under Vehumet
  9471 | D:9      | Offered knowledge of Freeze by Vehumet.
  9647 | D:9      | Reached skill level 10 in Spellcasting
  9771 | D:9      | Noticed a two-headed ogre
  9775 | D:9      | Killed a two-headed ogre
  9779 | D:9      | Reached skill level 13 in Conjurations
  9983 | D:9      | Noticed a boulder beetle
 10150 | D:9      | HP: 7/45 [boulder beetle (19)]
 10155 | D:9      | HP: 2/45 [boulder beetle (24)]
 10158 | D:9      | Mangled by a boulder beetle

Illustrated notes

Levels and vault maps discovered:
D:1:      dpeg_arrival_boxorama, layout_basic, chequers_ecumenical_altar_simple
D:2:      layout_loops_ring
D:3:      layout_loops_ring, nicolae_titane
D:4:      layout_loops_ring, mainiacjoe_overflow_brackets
D:5:      layout_loops_cross
D:6:      layout_rooms, zin_purify, minmay_misc_feat_plants
D:7:      layout_layer_cave, kennysheep_mini, mainiacjoe_overflow_catwalk,
          gammafunk_temple_overflow_forgotten, minmay_temple_entry_glassed_door
D:8:      layout_basic, demons_altar, nicolae_elyvilon_peaceful_grove
D:9:      layout_loops_cross, david_lair_shrubbed
Temple:   jpeg_temple_clearing

Skill      XL: |  1  2  3  4  5  6  7  8  9 |
---------------+----------------------------+-----
Conjurations   | 5 6 7 8 10 13 | 13.0
Spellcasting   | 4 5 6 8 10 | 10.7
Hexes          | 1 2 3 |  3.0
Translocations | 1 2 3 |  3.0
Dodging        | |  2.4
Stealth        | |  2.4

Action                   |  1- 3 |  4- 6 |  7- 9 || total
-------------------------+-------+-------+-------++-------
Melee: Unarmed           |     1 |       |       ||     1
       Dagger            |    11 |     7 |       ||    18
       Halberd           |       |     4 |    11 ||    15
       Spear             |       |       |     4 ||     4
 Cast: Magic Dart        |    57 |    65 |    78 ||   200
       Searing Ray       |     1 |    13 |    46 ||    60
       Iskenderun's Myst |       |     5 |    31 ||    36
       Fulminant Prism   |       |     1 |    26 ||    27
  Use: Potion            |       |     1 |     7 ||     8
       Scroll            |       |       |    15 ||    15
Armor: Robe              |     1 |     5 |     9 ||    15
Dodge: Dodged            |     4 |    23 |    40 ||    67

Table legend: (Time is in decaauts)
 A = Elapsed time spent in this place.
 B = Non-inter-level travel time spent in this place.
 C = Inter-level travel time spent in this place.
 D = Time resting spent in this place.
 E = Time spent auto-exploring this place.
 F = Levels seen in this place.
 G = Mean time per level.
                   A        B        C        D        E       F      G
               +--------+--------+--------+--------+--------+-----+--------+
         Total |  10168 |   9845 |    323 |   1887 |   6998 |  10 | 1016.8 |
       Dungeon |  10003 |   9722 |    281 |   1887 |   6889 |   9 | 1111.4 |
        Temple |    164 |    122 |     42 |      0 |    109 |   1 |  164.0 |
               +--------+--------+--------+--------+--------+-----+--------+

Top non-repeatable levels by time:
     D:8: 1925 daAuts
     D:7: 1724 daAuts
     D:5: 1285 daAuts
     D:1: 1132 daAuts
     D:4: 1007 daAuts
     D:2: 1006 daAuts
     D:6: 897 daAuts
     D:3: 851 daAuts
     D:9: 171 daAuts
  Temple: 164 daAuts

Table legend:
 A = Kills in this place as a percentage of kills in entire the game.
 B = Kills by you in this place as a percentage of kills by you in the entire game.
 C = Kills by friends in this place as a percentage of kills by friends in the entire game.
 D = Other kills in this place as a percentage of other kills in the entire game.
 E = Experience gained in this place as a percentage of experience gained in the entire game.
 F = Experience gained in this place divided by the number of levels of this place that you have seen.
                   A       B       C       D       E      F
               +-------+-------+-------+-------+-------+----------------------
         Total | 100.0 | 100.0 |   N/A |   N/A | 100.0 | 550.1
       Dungeon | 100.0 | 100.0 |   N/A |   N/A | 100.0 | 611.2
               +-------+-------+-------+-------+-------+----------------------
